 Dungeon Crawl Stone Soup version 0.28-a0-1339-ga5422284a4 (webtiles) character file.

Game seed: 415458892233308749

139 vivovinco the Grave Robber (level 5, -2/28 HPs)
             Began as a Vampire Necromancer on Dec 28, 2021.
             Slain by an orc (3 damage)
             ... on level 4 of the Dungeon.
             The game lasted 00:13:40 (3490 turns).

vivovinco the Grave Robber (Vampire Necromancer)    Turns: 3490, Time: 00:13:41

Health: -2/28      AC:  2    Str:  7    XL:     5   Next: 1%
Magic:  1/9        EV: 12    Int: 19    God:
Gold:   105        SH:  0    Dex: 15    Spells: 4/9 levels left

rFire   . . .      SeeInvis +   f - +0 dagger
rCold   + + .      Faith    .   (no shield)
rNeg    + + +      Spirit   .   a - +0 robe
rPois   ∞          Reflect  .   (no helmet)
rElec   .          Harm     .   (no cloak)
rCorr   .          Rampage  .   (no gloves)
Will    .....                   (no boots)
Stlth   +++++.....              (no amulet)
HPRegen 0.00/turn               (no ring)
MPRegen 0.11/turn               (no ring)

@: bloodless, inhibited regen
A: bloodless, fangs 3, see invisible, vampiric 2
a: Bat Form, Revivify


You were on level 4 of the Dungeon.
You visited 1 branch of the dungeon, and saw 5 of its levels.

You collected 105 gold pieces.

Inventory:

Hand Weapons
 f - a +0 dagger (weapon)
Missiles
 g - 59 stones (quivered)
 j - 50 arrows
 p - a boomerang
Armour
 a - a +0 robe (worn)
 b - a +0 ring mail
 l - a +0 buckler
Scrolls
 d - 2 scrolls of identify {unknown}
 e - a scroll of enchant weapon {unknown}
 i - a scroll of amnesia {unknown}
 k - 2 scrolls of noise {unknown}
 n - a scroll of holy word {unknown}
Potions
 c - 2 potions of invisibility {unknown}
 h - 2 potions of curing {unknown}
 m - a potion of berserk rage {unknown}
 o - a potion of lignification {unknown}
 q - 2 potions of haste {unknown}


   Skills:
 + Level 0.2 Fighting
 + Level 0.3 Short Blades
 + Level 2.3 Dodging
 + Level 5.2 Stealth
 + Level 2.8 Spellcasting
 + Level 5.4 Necromancy
 + Level 0.5 Ice Magic


You had 4 spell levels left.
You knew the following spells:

 Your Spells              Type           Power      Damage    Failure   Level
a - Pain                  Necr           92%        1d8       1%          1
b - Freeze                Ice            16%        1d4       12%         1
c - Vampiric Draining     Necr           23%        2d7       4%          3

Your spell library contained the following spells:

 Spells                   Type           Power      Damage    Failure   Level
 Animate Skeleton         Necr           46%        N/A       1%          1
 Shock                    Conj/Air       8%         1d3       16%         1
 Animate Dead             Necr           11%        N/A       17%         4
 Frozen Ramparts          Ice            8%         1d2       36%         3
 Swiftness                Air            2%         N/A       43%         3
 Hailstorm                Conj/Ice       3%         3d3       80%         4
 Airstrike                Air            1%         N/A       83%         4
 Agony                    Necr           23%        N/A       43%         5


Dungeon Overview and Level Annotations

Branches:
Dungeon (5/15)
 Temple: D:4-7

Altars:
Trog

Shops:
D:3 *

Annotations:
D:3 Grinder


Innate Abilities, Weirdness & Mutations

You do not regenerate when monsters are visible.
You are frail without blood (-20% HP).
You can heal yourself when you bite living creatures.
You are immune to poison.
You have razor-sharp teeth.
You have supernaturally acute eyesight. (SInv)
You are afflicted with vampirism and can become a bat while bloodless.


Message History

Press: ? - help, Shift-Dir - straight line, f - orc
Aim: an orc, wielding a +0 short sword and wearing a +0 leather armour You draw life force from the orc.
You feel life coursing into your body. The orc barely misses you.
Casting: Vampiric Draining (quite dangerous; 4% risk of failure)
Confirm with . or Enter, or press ? or * to list all spells.
The spell is quite dangerous to miscast (4% risk of failure)!
Continue anyway?
Aiming: Vampiric Draining (quite dangerous; 4% risk of failure)
Press: ? - help, Shift-Dir - straight line, f/p - orc
Aim: an orc, wielding a +0 short sword and wearing a +0 leather armour (moderately wounded)
You draw life force from the orc.
You feel life coursing into your body. The orc misses you.
You barely miss the orc. You bite the orc, but do no damage.
The orc is severely wounded.
The orc hits you with a +0 short sword.
* * * LOW HITPOINT WARNING * * *
You hit the orc.
The orc is almost dead.
The orc barely misses you.
You closely miss the orc.
The orc is almost dead.
The orc barely misses you.
You hit the orc but do no damage.
The orc is almost dead.
The orc hits you with a +0 short sword.
* * * LOW HITPOINT WARNING * * *
You completely miss the orc.
The orc is almost dead.
The orc hits you with a +0 short sword.
* * * LOW HITPOINT WARNING * * *
You hit the orc but do no damage.
The orc is almost dead.
The orc barely misses you.
You hit the orc but do no damage.
The orc is almost dead.
The orc barely misses you.
You closely miss the orc.
The orc is almost dead.
The orc hits you with a +0 short sword.
You die...

#######'#####...#.#.##..
##.......# ###.#......#
........## #.....####
###.####.# #######
.........####
.o#.##.###..#..
....o)o.....#.#
#o#W#.####.##.# # #Wo@.#
######


You could see a phantom and an orc.

Vanquished Creatures
  A gnoll (D:3)
  5 adders
  2 dart slugs
  10 orcs
  2 ball pythons
  7 endoplasms
  3 giant cockroaches
  8 goblins
  5 hobgoblins
  5 jackals
  A quokka (D:1)
  4 bats
  5 frilled lizards
  5 kobolds
  3 rats
66 creatures vanquished.

Notes
Turn   | Place    | Note
-------+----------+-------------------------------------------
     0 | D:1      | vivovinco the Vampire Necromancer began the quest for the
                  | Orb.
     0 | D:1      | Reached XP level 1. HP: 13/13 MP: 3/3
   278 | D:1      | Reached XP level 2. HP: 19/19 MP: 1/5
   370 | D:1      | Learned a level 1 spell: Freeze
   491 | D:1      | Reached skill level 5 in Necromancy
  1034 | D:1      | Gained mutation: You are afflicted with vampirism and can
                  | become a bat while bloodless. [Vampire growth]
  1034 | D:1      | Reached XP level 3. HP: 20/24 MP: 1/6
  1038 | D:1      | Learned a level 3 spell: Vampiric Draining
  1584 | D:2      | Found a bloodstained altar of Trog.
  1821 | D:2      | Reached XP level 4. HP: 24/24 MP: 0/7
  2532 | D:3      | Found Meotwis's Assorted Antiques.
  2596 | D:3      | Noticed Grinder
  2798 | D:3      | Found a bloodstained altar of Trog.
  2837 | D:3      | Reached skill level 5 in Stealth
  3415 | D:5      | Entered Level 5 of the Dungeon
  3435 | D:4      | Noticed a phantom
  3462 | D:4      | Reached XP level 5. HP: 25/28 MP: 4/9
  3487 | D:4      | HP: 1/28 [orc (3)]
  3490 | D:4      | Slain by an orc

Illustrated notes

Levels and vault maps discovered:
D:1:      psy_arrival_basics, layout_basic, grunt_decor_one_mirror
D:2:      layout_basic, basic_altar
D:3:      layout_rooms, trog_antimagical, serial_shops, shop,
          basic_ecumenical_altar, minivault_19, dk_noncrumbling_2, uniq_grinder
D:4:      layout_basic, serial_bayou_pond_b
D:5:      layout_rooms, lemuel_tele_altar, nicolae_wu_jian_wuxing_cycle,
          lemuel_temple_firewalk_b, uniq_eustachio

Skill      XL: |  1  2  3  4 |
---------------+-------------+-----
Necromancy     | 5 |  5.4
Stealth        | 4 5 |  5.2
Fighting       | |  0.2
Short Blades   | |  0.3
Dodging        | |  2.3
Spellcasting   | |  2.8
Ice Magic      | |  0.5

Action                   |  1- 3 |  4- 6 || total
-------------------------+-------+-------++-------
Melee: Dagger            |    25 |    68 ||    93
       Bite              |     3 |     9 ||    12
 Cast: Pain              |    38 |    23 ||    61
       Freeze            |    13 |    12 ||    25
       Vampiric Draining |     1 |     4 ||     5
 Abil: Exsanguinate      |     1 |       ||     1
 Stab: Sleeping          |     5 |    11 ||    16
Armor: Ring mail         |     2 |       ||     2
       Robe              |     5 |     8 ||    13
Dodge: Dodged            |    24 |    42 ||    66

Table legend: (Time is in decaauts)
 A = Elapsed time spent in this place.
 B = Non-inter-level travel time spent in this place.
 C = Inter-level travel time spent in this place.
 D = Time resting spent in this place.
 E = Time spent auto-exploring this place.
 F = Levels seen in this place.
 G = Mean time per level.
                   A        B        C        D        E       F      G
               +--------+--------+--------+--------+--------+-----+--------+
         Total |   3494 |   3456 |     38 |   1159 |   1427 |   5 |  698.8 |
       Dungeon |   3494 |   3456 |     38 |   1159 |   1427 |   5 |  698.8 |
               +--------+--------+--------+--------+--------+-----+--------+

Top non-repeatable levels by time:
     D:1: 1487 daAuts
     D:2: 988 daAuts
     D:3: 915 daAuts
     D:4: 101 daAuts
     D:5: 1 daAuts
